Comets vs Condors
Created - February 28, 2024 at 20:24
Goals
|
| Comets |
2 |
4 |
2 |
8 |
| Condors |
1 |
1 |
1 |
3 |
|
Shots
|
| Comets |
13 |
14 |
10 |
37 |
| Condors |
10 |
11 |
5 |
26 |
|
1st period
1. Condors , Phil McRae 24 (Kailer Yamamoto 20) at 15:55 (PP)
2. Comets , Ryan Lomberg 32 (Daniel Zaar 32, Nicolas Petan 55) at 16:51 (PP)
3. Comets , Juho Lammikko 25 (Juuso Riikola 29, Scott Harrington 23) at 17:24
Penalties :
Pontus Holmberg (Bak) for Holding (Minor) at 1:22, William Lockwood (Uti) for Tripping (Minor) at 15:44, Taro Hirose (Bak) for High sticking (Minor) at 16:39
2nd period
4. Comets , Juho Lammikko 26 (Phil Di Giuseppe 20, Jean-Sebastien Dea 31) at 0:56 (PP)
5. Condors , Connor Hurley 4 (Kiefer Sherwood 10, Taro Hirose 22) at 4:19
6. Comets , Nicolas Petan 26 (Daniel Zaar 33, Ryan Lomberg 33) at 4:44 (PP)
7. Comets , Juuso Riikola 6 (Michael Joly 7) at 5:36
8. Comets , Mackenzie MacEachern 10 (Lane Pederson 11) at 10:06
Penalties :
Alexandre Carrier (Bak) for Tripping (Minor) at 0:53, Adam Erne (Bak) for Roughing (Minor) at 4:31, Adam Ollas-Mattsson (Uti) for Elbowing (Minor) at 13:32
3rd period
9. Condors , Patrik Laine 29 (Nick Shore 61, Alexandre Carrier 35) at 1:03 (PP)
10. Comets , Mackenzie MacEachern 11 (Daniil Miromanov 8, Lane Pederson 12) at 9:01
11. Comets , Mackenzie MacEachern 12 (Juuso Riikola 30, Scott Harrington 24) at 18:37
Penalties :
Jean-Sebastien Dea (Uti) for Tripping (Minor) at 0:20, Ryan Lomberg (Uti) for Hooking (Minor) at 2:29, Juuso Riikola (Uti) for Interference (Minor) at 9:51, Adam Erne (Bak) for Fighting (Major) at 18:40, Nicolas Petan (Uti) for Fighting (Major) at 18:40, Adam Erne (Bak) for instigated a fight (Minor) at 18:40, Adam Erne (Bak) for instigated a fight (10 Minutes Misconduct) at 18:40
Goalie Stats
Thatcher Demko (Uti), 23 saves from 26 shots - (0.885), W, 25-16-2, 60:00 minutes
Garret Sparks (Bak), 12 saves from 16 shots - (0.750), L, 22-18-0, 24:44 minutes
Stuart Skinner (Bak), 17 saves from 21 shots - (0.810), 35:16 minutes
Players Stats for Comets
Player Name G A P +/- PIM S H SB GA TA FO MP PP MP PK MP
------------------------------------------------------------------------------------
Adam Ollas-Mattsson 0 0 0 1 2 1 2 0 0 0 0/0 20:07 2:12 1:45
Dan Renouf 0 0 0 1 0 1 2 2 1 0 0/0 21:07 2:12 2:47
Daniel Zaar 0 2 2 -1 0 6 0 1 2 0 2/3 21:13 1:37 3:53
Daniil Miromanov 0 1 1 1 0 0 2 0 0 1 0/0 12:03 0:00 0:00
Guillaume Brisebois 0 0 0 1 0 0 1 0 0 0 0/0 12:55 0:00 1:48
Jean-Sebastien Dea 0 1 1 1 2 2 2 0 1 0 7/14 16:24 2:09 1:06
Juho Lammikko 2 0 2 1 0 3 1 0 1 0 0/1 15:20 2:09 0:00
Juuso Riikola 1 2 3 2 2 2 4 1 1 2 0/0 26:36 1:34 3:09
Lane Pederson 0 2 2 3 0 1 0 0 0 0 0/0 10:35 0:00 1:09
Mackenzie MacEachern 3 0 3 3 0 5 1 0 1 0 1/1 11:59 0:09 1:19
Michael Joly 0 1 1 1 0 2 2 0 0 0 1/1 12:36 0:00 1:42
Nicolas Petan 1 1 2 -1 5 3 0 0 0 0 15/26 18:20 0:46 1:10
Phil Di Giuseppe 0 1 1 1 0 1 3 1 2 0 0/0 15:47 2:09 0:32
Ryan Lomberg 1 1 2 -1 2 2 2 0 1 0 1/1 20:25 1:37 2:51
Scott Harrington 0 2 2 2 0 2 1 2 0 3 0/0 27:10 1:34 4:13
Trevor Moore 0 0 0 1 0 3 4 0 0 0 1/2 10:57 0:42 0:00
Tyler Graovac 0 0 0 1 0 3 0 0 0 0 0/4 10:15 0:00 0:00
William Lockwood 0 0 0 3 2 0 1 0 0 0 0/0 9:12 0:00 0:00
Players Stats for Condors
Player Name G A P +/- PIM S H SB GA TA FO MP PP MP PK MP
------------------------------------------------------------------------------------
Adam Erne 0 0 0 -1 19 3 1 0 1 2 0/1 19:11 2:40 0:46
Alexander Alexeyev 0 0 0 1 0 0 0 0 0 1 0/0 10:25 0:00 0:00
Alexandre Carrier 0 1 1 -2 2 0 1 0 0 0 0/0 24:20 4:25 2:26
Brett Lernout 0 0 0 -2 0 2 5 1 1 3 0/0 24:48 4:25 2:29
C.J. Smith 0 0 0 -1 0 0 2 0 0 0 0/0 8:09 0:00 0:00
Connor Hurley 1 0 1 0 0 2 2 0 0 0 1/3 12:07 0:12 0:00
Filip Kral 0 0 0 -1 0 0 0 0 0 0 0/0 6:07 0:00 0:00
Jason Robertson 0 0 0 -2 0 5 1 0 0 0 0/0 17:04 3:48 0:00
Kailer Yamamoto 0 1 1 -1 0 3 0 0 2 0 0/0 14:59 2:51 0:00
Kiefer Sherwood 0 1 1 0 0 0 2 1 0 0 0/1 13:31 0:00 2:33
Nick Shore 0 1 1 -1 0 1 3 0 0 0 12/30 22:35 3:48 2:33
Nikolai Knyzhov 0 0 0 1 0 0 0 0 0 0 0/0 10:15 0:00 0:00
Patrik Laine 1 0 1 -1 0 1 2 0 1 0 1/1 19:35 3:48 0:00
Phil McRae 1 0 1 -2 0 3 1 1 0 1 11/14 17:14 2:51 1:07
Philippe Myers 0 0 0 -2 0 0 1 0 0 1 0/0 19:17 2:26 1:20
Pontus Holmberg 0 0 0 -2 2 1 0 0 1 1 0/1 10:39 0:12 0:00
Ryan McLeod 0 0 0 -1 0 0 0 0 0 0 0/2 8:36 0:00 0:27
Taro Hirose 0 1 1 0 2 1 1 0 0 0 0/0 12:30 0:23 0:06
Zac Leslie 0 0 0 -3 0 4 1 1 0 1 0/0 24:47 2:26 1:17
3 Stars
1 - Mackenzie MacEachern (Uti)
2 - Juuso Riikola (Uti)
3 - Juho Lammikko (Uti)
Power Play
Comets - 3 on 3 Attempt(s) - 100.00%
Condors - 2 on 7 Attempt(s) - 28.57%
Penalty Kill
Comets - 5 on 7 Attempt(s) - 71.43%
- Score 0 goal in Penalty Kill
Condors - 0 on 3 Attempt(s) - 0.00%
- Score 0 goal in Penalty Kill
Team Stat
Comets - Hits : 28 - Faceoff Wins : 28 - Blocked Shots : 7 - Penalty Minutes : 15
Condors - Hits : 23 - Faceoff Wins : 25 - Blocked Shots : 4 - Penalty Minutes : 25
Official
Referees : Wes McCauley and Jacob Brenk
Linesman : Mark Shewchyk and Jesse Marquis
Game Notes
17:46 of 1st period - Penalty Shot by Daniel Zaar for Comets - Stopped by Garret Sparks
Stuart Skinner enters game at 4:44 of 2nd period
11:42 of 2nd period - Penalty Shot by Juuso Riikola for Comets - Shot Misses the Net
Kailer Yamamoto is injured at 14:27 of 3rd period (Sore Right Knee)
Mackenzie MacEachern has scored a Hat Trick!
Adam Erne and Nicolas Petan fight to a draw at 18:40 of 3rd period
Finance
Level 1 -- Attendance: 1918 (95.90%) -- Ticket Income $134,260
Level 2 -- Attendance: 856 (85.60%) -- Ticket Income $34,240
Total Attendance: 2774 (92.47%)
Total Ticket Income: $168,500
Other Income: $8,425
Total Income: $176,925
Comets
5 vs 5 Forward
Center Left Wing Right Wing Time % Phy DF OF
1 Nicolas Petan Ryan Lomberg Daniel Zaar 40 1 2 2
2 Jean-Sebastien Dea Phil Di Giuseppe Juho Lammikko 30 1 2 2
3 Tyler Graovac Trevor Moore Michael Joly 20 1 2 2
4 Lane Pederson Mackenzie MacEachern William Lockwood 10 1 2 2
5 vs 5 Defense
Defense Defense Time % Phy DF OF
1 Scott Harrington Juuso Riikola 40 1 2 2
2 Dan Renouf Adam Ollas-Mattsson 30 1 2 2
3 Daniil Miromanov Guillaume Brisebois 20 1 2 2
4 Scott Harrington Juuso Riikola 10 1 2 2
PowerPlay Forward
Center Left Wing Right Wing Time % Phy DF OF
1 Nicolas Petan Ryan Lomberg Daniel Zaar 60 1 2 2
2 Jean-Sebastien Dea Phil Di Giuseppe Juho Lammikko 40 1 2 2
PowerPlay Defense
Defense Defense Time % Phy DF OF
1 Scott Harrington Juuso Riikola 60 1 2 2
2 Dan Renouf Adam Ollas-Mattsson 40 1 2 2
Penalty Kill 4 Players Forward
Center Wing Time % Phy DF OF
1 Daniel Zaar Ryan Lomberg 60 1 2 2
2 Nicolas Petan Jean-Sebastien Dea 40 1 2 2
Penalty Kill 4 Players Defense
Defense Defense Time % Phy DF OF
1 Scott Harrington Juuso Riikola 60 1 2 2
2 Dan Renouf Adam Ollas-Mattsson 40 1 2 2
Penalty Kill - 3 Players Forward
Forward Time % Phy DF OF
1 Daniel Zaar 60 1 2 2
2 Ryan Lomberg 40 1 2 2
Penalty Kill - 3 Players Defense
Defense Defense Time % Phy DF OF
1 Scott Harrington Juuso Riikola 60 1 2 2
2 Dan Renouf Adam Ollas-Mattsson 40 1 2 2
4 vs 4 Forward
Center Wing Time % Phy DF OF
1 Daniel Zaar Ryan Lomberg 60 1 2 2
2 Nicolas Petan Jean-Sebastien Dea 40 1 2 2
4 vs 4 Defense
Defense Defense Time % Phy DF OF
1 Scott Harrington Juuso Riikola 60 1 2 2
2 Dan Renouf Adam Ollas-Mattsson 40 1 2 2
Last Minutes Offensive
Center Left Wing Right Wing Defense Defense
Nicolas Petan Ryan Lomberg Daniel Zaar Scott Harrington Juuso Riikola
Last Minutes Defensive
Center Left Wing Right Wing Defense Defense
Nicolas Petan Ryan Lomberg Daniel Zaar Scott Harrington Juuso Riikola
Goaltenders
Starting : Thatcher Demko
Backup : Casey DeSmith
Extra Forwards
Normal : Trevor Moore, Mackenzie MacEachern, Michael Joly - PP : Trevor Moore, Mackenzie MacEachern - PK : Michael Joly
Extra Defensemen
Normal : Daniil Miromanov, Guillaume Brisebois, Dan Renouf - PP : Daniil Miromanov - PK : Guillaume Brisebois, Dan Renouf
Penalty Shots
Daniel Zaar, Ryan Lomberg, Nicolas Petan, Jean-Sebastien Dea, Juho Lammikko
Custom OT Lines Forwards
Daniel Zaar, Ryan Lomberg, Nicolas Petan, Jean-Sebastien Dea, Juho Lammikko, Phil Di Giuseppe, Trevor Moore, Mackenzie MacEachern, Michael Joly, Tyler Graovac
Custom OT Lines Defensemen
Scott Harrington, Juuso Riikola, Dan Renouf, Adam Ollas-Mattsson, Daniil Miromanov
Scratches
Anton Zlobin (Healthy), Charles Hudon (Healthy), Curtis Lazar (Right Knee Injury), Jaret Anderson-Dolan (Healthy), Brandon Saigeon (Healthy)
Jay O'Brien (Healthy), Jack Rathbone (Healthy), Michael Kesselring (Healthy), William Lagesson (Groin Injury), Rasmus Asplund (Healthy)
Marek Langhamer (Healthy), Michael Dipietro (Healthy)
Condors
5 vs 5 Forward
Center Left Wing Right Wing Time % Phy DF OF
1 Nick Shore Adam Erne Patrik Laine 40 1 2 2
2 Phil McRae Jason Robertson Kailer Yamamoto 30 1 2 2
3 Connor Hurley Taro Hirose Kiefer Sherwood 20 1 2 2
4 Ryan McLeod C.J. Smith Pontus Holmberg 10 1 2 2
5 vs 5 Defense
Defense Defense Time % Phy DF OF
1 Alexandre Carrier Zac Leslie 40 1 2 2
2 Philippe Myers Brett Lernout 30 1 2 2
3 Nikolai Knyzhov Alexander Alexeyev 20 1 2 2
4 Zac Leslie Filip Kral 10 1 2 2
PowerPlay Forward
Center Left Wing Right Wing Time % Phy DF OF
1 Nick Shore Jason Robertson Patrik Laine 60 1 2 2
2 Phil McRae Adam Erne Kailer Yamamoto 40 1 2 2
PowerPlay Defense
Defense Defense Time % Phy DF OF
1 Alexandre Carrier Brett Lernout 60 1 2 2
2 Philippe Myers Zac Leslie 40 1 2 2
Penalty Kill 4 Players Forward
Center Wing Time % Phy DF OF
1 Nick Shore Kiefer Sherwood 60 1 2 2
2 Phil McRae Adam Erne 40 1 2 2
Penalty Kill 4 Players Defense
Defense Defense Time % Phy DF OF
1 Brett Lernout Alexandre Carrier 60 1 2 2
2 Philippe Myers Zac Leslie 40 1 2 2
Penalty Kill - 3 Players Forward
Forward Time % Phy DF OF
1 Phil McRae 60 1 2 2
2 Nick Shore 40 1 2 2
Penalty Kill - 3 Players Defense
Defense Defense Time % Phy DF OF
1 Brett Lernout Alexandre Carrier 60 1 2 2
2 Philippe Myers Zac Leslie 40 1 2 2
4 vs 4 Forward
Center Wing Time % Phy DF OF
1 Nick Shore Kailer Yamamoto 60 1 2 2
2 Phil McRae Adam Erne 40 1 2 2
4 vs 4 Defense
Defense Defense Time % Phy DF OF
1 Philippe Myers Alexandre Carrier 60 1 2 2
2 Brett Lernout Zac Leslie 40 1 2 2
Last Minutes Offensive
Center Left Wing Right Wing Defense Defense
Nick Shore Jason Robertson Patrik Laine Brett Lernout Zac Leslie
Last Minutes Defensive
Center Left Wing Right Wing Defense Defense
Nick Shore Adam Erne Patrik Laine Brett Lernout Zac Leslie
Goaltenders
Starting : Garret Sparks
Backup : Stuart Skinner
Extra Forwards
Normal : Taro Hirose, Connor Hurley, Kiefer Sherwood - PP : Taro Hirose, Connor Hurley - PK : Ryan McLeod
Extra Defensemen
Normal : Zac Leslie, Alexander Alexeyev, Filip Kral - PP : Brett Lernout - PK : Philippe Myers, Alexander Alexeyev
Penalty Shots
Jason Robertson, Nick Shore, Phil McRae, Kiefer Sherwood, Patrik Laine
Custom OT Lines Forwards
Jason Robertson, Nick Shore, Phil McRae, Kiefer Sherwood, Patrik Laine, Kailer Yamamoto, Taro Hirose, Connor Hurley, Ryan McLeod, Pontus Holmberg
Custom OT Lines Defensemen
Brett Lernout, Alexandre Carrier, Philippe Myers, Zac Leslie, Alexander Alexeyev
Scratches
Cole Cassels (Healthy), Colin White (Healthy), Semyon Der-Arguchintsev (Healthy), Emil Djuse (Healthy), Gustav Olofsson (Healthy)
Jeremy Gregoire (Healthy), Jordan Subban (Healthy), Robin Salo (Healthy), Remi Elie (Healthy), Filip Johansson (Healthy)
Lucas Johansen (Healthy), Cole Fonstad (Healthy), Jack Perbix (Healthy)
% Time on Ice - Comets
Lines # - Real PCT - Wanted PCT - Time Play
Normal Forward
1 - 35% - 40% - 17:07
2 - 27% - 30% - 13:11
3 - 21% - 20% - 10:15
4 - 18% - 10% - 8:50
Normal Defense
1 - 40% - 40% - 19:38
2 - 32% - 30% - 15:53
3 - 23% - 20% - 11:07
4 - 6% - 10% - 2:45
PP Forward
1 - 43% - 60% - 1:37
2 - 57% - 40% - 2:09
PP Defense
1 - 42% - 60% - 1:34
2 - 58% - 40% - 2:12
PK Forward
1 - 84% - 60% - 5:45
2 - 16% - 40% - 1:06
PK Defense
1 - 66% - 60% - 4:31
2 - 34% - 40% - 2:20
PK3 Forward
1 - 0% - 60%
2 - 0% - 40%
PK3 Defense
1 - 0% - 60%
2 - 0% - 40%
44 Forward
1 - 0% - 60%
2 - 0% - 40%
44 Defense
1 - 0% - 60%
2 - 0% - 40%
Last Minute Offensive - 0:00
Last Minute Defensive - 0:00
Total
Forward - 60:00
Defense - 60:00
|
% Time on Ice - Condors
Lines # - Real PCT - Wanted PCT - Time Play
Normal Forward
1 - 37% - 40% - 18:04
2 - 27% - 30% - 13:16
3 - 20% - 20% - 9:54
4 - 17% - 10% - 8:09
Normal Defense
1 - 35% - 40% - 17:30
2 - 31% - 30% - 15:31
3 - 21% - 20% - 10:15
4 - 12% - 10% - 6:07
PP Forward
1 - 58% - 60% - 4:00
2 - 42% - 40% - 2:51
PP Defense
1 - 64% - 60% - 4:25
2 - 36% - 40% - 2:26
PK Forward
1 - 70% - 60% - 2:39
2 - 30% - 40% - 1:07
PK Defense
1 - 66% - 60% - 2:29
2 - 34% - 40% - 1:17
PK3 Forward
1 - 0% - 60%
2 - 0% - 40%
PK3 Defense
1 - 0% - 60%
2 - 0% - 40%
44 Forward
1 - 0% - 60%
2 - 0% - 40%
44 Defense
1 - 0% - 60%
2 - 0% - 40%
Last Minute Offensive - 0:00
Last Minute Defensive - 0:00
Total
Forward - 60:00
Defense - 60:00
|
Play-by-Play
1st period
0:01 of 1st period - Nicolas Petan wins face-off versus Adam Erne in neutral zone.
0:51 of 1st period - Brett Lernout is hit by Trevor Moore and loses puck.
0:56 of 1st period - Wrist shot by Michael Joly.
0:56 of 1st period - Deflect By Trevor Moore.
0:56 of 1st period - Stopped by Garret Sparks with a rebound.
1:12 of 1st period - Philippe Myers is hit by Guillaume Brisebois and loses puck.
1:22 of 1st period - Minor Penalty to Pontus Holmberg for Holding.
1:23 of 1st period - Nicolas Petan wins face-off versus Nick Shore in Condors zone.
1:29 of 1st period - Snap shot by Ryan Lomberg.
1:29 of 1st period - Deflect By Nick Shore.
1:29 of 1st period - Stopped by Garret Sparks without a rebound.
1:30 of 1st period - Nicolas Petan wins face-off versus Nick Shore in Condors zone.
1:43 of 1st period - Wrist shot by Daniel Zaar.
1:43 of 1st period - Deflect By Nicolas Petan.
1:43 of 1st period - Shot Misses the Net.
1:43 of 1st period - Puck is out of play.
1:44 of 1st period - Phil McRae wins face-off versus Jean-Sebastien Dea in Condors zone.
1:44 of 1st period - Phil McRae is hit by Juho Lammikko.
2:58 of 1st period - Snap shot by Phil Di Giuseppe.
2:58 of 1st period - Shot Misses the Net.
3:22 of 1st period - Penalty to Pontus Holmberg is over, Pontus Holmberg is back on ice.
3:26 of 1st period - Snap shot by Phil Di Giuseppe.
3:26 of 1st period - Shot Misses the Net.
3:28 of 1st period - Slapshot by Dan Renouf.
3:28 of 1st period - Stopped by Garret Sparks with a rebound.
3:54 of 1st period - Snap shot by Jean-Sebastien Dea.
3:54 of 1st period - Shot Misses the Net.
3:56 of 1st period - Snap shot by Jean-Sebastien Dea.
3:56 of 1st period - Shot Misses the Net.
4:24 of 1st period - Snap shot by Jean-Sebastien Dea.
4:24 of 1st period - Stopped by Garret Sparks with a rebound.
4:26 of 1st period - Slapshot by Adam Ollas-Mattsson.
4:26 of 1st period - Stopped by Garret Sparks with a rebound.
4:36 of 1st period - Snap shot by Juho Lammikko.
4:36 of 1st period - Stopped by Garret Sparks without a rebound.
4:37 of 1st period - Nicolas Petan wins face-off versus Phil McRae in Condors zone.
7:03 of 1st period - Patrik Laine is hit by Daniil Miromanov and loses puck.
7:20 of 1st period - Brett Lernout is hit by Michael Joly and loses puck.
7:45 of 1st period - Taro Hirose is hit by Michael Joly and loses puck.
8:06 of 1st period - Alexander Alexeyev is hit by Trevor Moore and loses puck.
9:10 of 1st period - Icing by Pontus Holmberg.
9:11 of 1st period - Phil McRae wins face-off versus Tyler Graovac in Condors zone.
9:43 of 1st period - Slapshot by Phil McRae.
9:43 of 1st period - Deflect By Juuso Riikola.
9:43 of 1st period - Stopped by Thatcher Demko without a rebound.
9:44 of 1st period - Mackenzie MacEachern wins face-off versus Nick Shore in Comets zone.
9:44 of 1st period - Mackenzie MacEachern is hit by Philippe Myers.
10:00 of 1st period - Snap shot by Trevor Moore.
10:00 of 1st period - Shot Misses the Net.
10:06 of 1st period - Daniil Miromanov is hit by Kiefer Sherwood and loses puck.
12:16 of 1st period - Off-side.
12:17 of 1st period - Phil McRae wins face-off versus Nicolas Petan in neutral zone.
12:32 of 1st period - Snap shot by Kailer Yamamoto.
12:32 of 1st period - Stopped by Thatcher Demko without a rebound.
12:33 of 1st period - Jean-Sebastien Dea wins face-off versus Nick Shore in Comets zone.
12:33 of 1st period - Jean-Sebastien Dea is hit by Nick Shore.
12:39 of 1st period - Patrik Laine is hit by Phil Di Giuseppe and loses puck.
12:48 of 1st period - Backhand shot by Phil Di Giuseppe.
12:48 of 1st period - Shot Misses the Net.
13:14 of 1st period - Alexandre Carrier is hit by Scott Harrington and loses puck.
13:25 of 1st period - Snap shot by Mackenzie MacEachern.
13:25 of 1st period - Shot Misses the Net.
13:35 of 1st period - Slapshot by Mackenzie MacEachern.
13:35 of 1st period - Stopped by Garret Sparks without a rebound.
13:36 of 1st period - Nick Shore wins face-off versus Jean-Sebastien Dea in Condors zone.
13:47 of 1st period - Wrist shot by Nick Shore.
13:47 of 1st period - Shot Misses the Net.
13:49 of 1st period - Slapshot by Brett Lernout.
13:49 of 1st period - Stopped by Thatcher Demko without a rebound.
13:50 of 1st period - Nicolas Petan wins face-off versus Nick Shore in Comets zone.
14:57 of 1st period - Adam Erne is hit by Dan Renouf and loses puck.
15:04 of 1st period - Mackenzie MacEachern is hit by Adam Erne and loses puck.
15:44 of 1st period - Minor Penalty to William Lockwood for Tripping.
15:45 of 1st period - Daniel Zaar wins face-off versus Phil McRae in Comets zone.
15:53 of 1st period - Slapshot by Kailer Yamamoto.
15:53 of 1st period - Stopped by Thatcher Demko with a rebound.
15:55 of 1st period - Snap shot by Phil McRae.
15:55 of 1st period - Goal by Phil McRae - Comets : 0 - Condors : 1.
15:56 of 1st period - Phil McRae wins face-off versus Nicolas Petan in neutral zone.
16:01 of 1st period - Snap shot by Kailer Yamamoto.
16:01 of 1st period - Shot Misses the Net.
16:39 of 1st period - Minor Penalty to Taro Hirose for High sticking.
16:40 of 1st period - Nicolas Petan wins face-off versus Kiefer Sherwood in Condors zone.
16:49 of 1st period - Wrist shot by Daniel Zaar.
16:49 of 1st period - Stopped by Garret Sparks with a rebound.
16:51 of 1st period - Snap shot by Ryan Lomberg.
16:51 of 1st period - Goal by Ryan Lomberg - Comets : 1 - Condors : 1.
16:52 of 1st period - Phil McRae wins face-off versus Nicolas Petan in neutral zone.
17:17 of 1st period - Scott Harrington is hit by Alexandre Carrier and loses puck.
17:24 of 1st period - Snap shot by Juho Lammikko.
17:24 of 1st period - Goal by Juho Lammikko - Comets : 2 - Condors : 1.
17:25 of 1st period - Phil McRae wins face-off versus Nicolas Petan in neutral zone.
17:30 of 1st period - Backhand shot by Phil McRae.
17:30 of 1st period - Stopped by Thatcher Demko with a rebound.
17:32 of 1st period - Wrist shot by Jason Robertson.
17:32 of 1st period - Stopped by Thatcher Demko with a rebound.
17:34 of 1st period - Slapshot by Zac Leslie.
17:34 of 1st period - Stopped by Thatcher Demko with a rebound.
17:46 of 1st period - Penalty Shot by Daniel Zaar for Comets.
17:46 of 1st period - Deke by Daniel Zaar.
17:46 of 1st period - Stopped by Garret Sparks.
17:47 of 1st period - Jean-Sebastien Dea wins face-off versus Connor Hurley in Comets zone.
17:59 of 1st period - Snap shot by Juho Lammikko.
17:59 of 1st period - Shot Misses the Net.
18:01 of 1st period - Slapshot by Adam Ollas-Mattsson.
18:01 of 1st period - Deflect By Phil Di Giuseppe.
18:01 of 1st period - Stopped by Garret Sparks without a rebound.
18:02 of 1st period - Phil McRae wins face-off versus Nicolas Petan in Condors zone.
18:28 of 1st period - Juho Lammikko is hit by Brett Lernout and loses puck.
18:35 of 1st period - Wrist shot by Nick Shore.
18:35 of 1st period - Stopped by Thatcher Demko without a rebound.
18:36 of 1st period - Nicolas Petan wins face-off versus Nick Shore in Comets zone.
18:41 of 1st period - Snap shot by Daniel Zaar.
18:41 of 1st period - Stopped by Garret Sparks with a rebound.
18:43 of 1st period - Backhand shot by Ryan Lomberg.
18:43 of 1st period - Shot Misses the Net.
18:49 of 1st period - Wrist shot by Daniel Zaar.
18:49 of 1st period - Stopped by Garret Sparks without a rebound.
18:50 of 1st period - Jean-Sebastien Dea wins face-off versus Phil McRae in Condors zone.
19:40 of 1st period - Wrist shot by Taro Hirose.
19:40 of 1st period - Stopped by Thatcher Demko with a rebound.
19:42 of 1st period - Snap shot by Adam Erne.
19:42 of 1st period - Shot Blocked by Dan Renouf.
Goals for this period are 2 for Comets vs 1 for Condors.
Shots for this period are 13 for Comets vs 10 for Condors.
2nd period
0:01 of 2nd period - Phil McRae wins face-off versus Nicolas Petan in neutral zone.
0:36 of 2nd period - Snap shot by Taro Hirose.
0:36 of 2nd period - Shot Misses the Net.
0:53 of 2nd period - Minor Penalty to Alexandre Carrier for Tripping.
0:54 of 2nd period - Jean-Sebastien Dea wins face-off versus Nick Shore in Condors zone.
0:56 of 2nd period - Wrist shot by Juho Lammikko.
0:56 of 2nd period - Goal by Juho Lammikko - Comets : 3 - Condors : 1.
0:57 of 2nd period - Jean-Sebastien Dea wins face-off versus Nick Shore in neutral zone.
1:47 of 2nd period - Snap shot by Tyler Graovac.
1:47 of 2nd period - Stopped by Garret Sparks without a rebound.
1:48 of 2nd period - Nick Shore wins face-off versus Tyler Graovac in Condors zone.
1:48 of 2nd period - Nick Shore is hit by Daniil Miromanov.
1:56 of 2nd period - Michael Joly is hit by Zac Leslie and loses puck.
2:25 of 2nd period - Off-side.
2:26 of 2nd period - Nicolas Petan wins face-off versus Connor Hurley in neutral zone.
2:39 of 2nd period - Brett Lernout is hit by Juuso Riikola and loses puck.
2:52 of 2nd period - Juho Lammikko is hit by Patrik Laine and loses puck.
3:23 of 2nd period - Snap shot by Jason Robertson.
3:23 of 2nd period - Stopped by Thatcher Demko without a rebound.
3:24 of 2nd period - Nicolas Petan wins face-off versus Ryan McLeod in Comets zone.
3:36 of 2nd period - Snap shot by Zac Leslie.
3:36 of 2nd period - Stopped by Thatcher Demko with a rebound.
3:38 of 2nd period - Slapshot by Ryan McLeod.
3:38 of 2nd period - Shot Misses the Net.
3:40 of 2nd period - Slapshot by Zac Leslie.
3:40 of 2nd period - Shot Blocked by Juuso Riikola.
3:50 of 2nd period - Scott Harrington is hit by Jason Robertson and loses puck.
4:17 of 2nd period - Slapshot by Kiefer Sherwood.
4:17 of 2nd period - Deflect By Connor Hurley.
4:17 of 2nd period - Stopped by Thatcher Demko with a rebound.
4:19 of 2nd period - Wrist shot by Connor Hurley.
4:19 of 2nd period - Goal by Connor Hurley - Comets : 3 - Condors : 2.
4:20 of 2nd period - Nick Shore wins face-off versus Jean-Sebastien Dea in neutral zone.
4:31 of 2nd period - Minor Penalty to Adam Erne for Roughing.
4:32 of 2nd period - Nicolas Petan wins face-off versus Nick Shore in Condors zone.
4:42 of 2nd period - Snap shot by Ryan Lomberg.
4:42 of 2nd period - Shot Misses the Net.
4:44 of 2nd period - Wrist shot by Daniel Zaar.
4:44 of 2nd period - Deflect By Nicolas Petan.
4:44 of 2nd period - Goal by Nicolas Petan - Comets : 4 - Condors : 2.
4:44 of 2nd period - Stuart Skinner enters game.
4:45 of 2nd period - Nick Shore wins face-off versus Jean-Sebastien Dea in neutral zone.
5:00 of 2nd period - Scott Harrington is hit by Nick Shore and loses puck.
5:36 of 2nd period - Slapshot by Juuso Riikola.
5:36 of 2nd period - Goal by Juuso Riikola - Comets : 5 - Condors : 2.
5:37 of 2nd period - Nick Shore wins face-off versus Jean-Sebastien Dea in neutral zone.
5:42 of 2nd period - Wrist shot by Nick Shore.
5:42 of 2nd period - Shot Misses the Net.
5:44 of 2nd period - Backhand shot by Adam Erne.
5:44 of 2nd period - Deflect By Phil Di Giuseppe.
5:44 of 2nd period - Stopped by Thatcher Demko with a rebound.
5:46 of 2nd period - Slapshot by Zac Leslie.
5:46 of 2nd period - Deflect By Jean-Sebastien Dea.
5:46 of 2nd period - Stopped by Thatcher Demko with a rebound.
5:48 of 2nd period - Wrist shot by Adam Erne.
5:48 of 2nd period - Stopped by Thatcher Demko without a rebound.
5:49 of 2nd period - Nicolas Petan wins face-off versus Nick Shore in Comets zone.
6:14 of 2nd period - Phil McRae is hit by Adam Ollas-Mattsson.
6:26 of 2nd period - Snap shot by Michael Joly.
6:26 of 2nd period - Stopped by Stuart Skinner with a rebound.
7:43 of 2nd period - Wrist shot by Jason Robertson.
7:43 of 2nd period - Stopped by Thatcher Demko with a rebound.
7:45 of 2nd period - Wrist shot by Jason Robertson.
7:45 of 2nd period - Stopped by Thatcher Demko with a rebound.
7:47 of 2nd period - Snap shot by Jason Robertson.
7:47 of 2nd period - Shot Misses the Net.
8:01 of 2nd period - Daniil Miromanov is hit by Taro Hirose and loses puck.
8:26 of 2nd period - William Lockwood is hit by C.J. Smith.
8:30 of 2nd period - Wrist shot by C.J. Smith.
8:30 of 2nd period - Shot Misses the Net.
8:32 of 2nd period - Wrist shot by C.J. Smith.
8:32 of 2nd period - Shot Misses the Net.
8:34 of 2nd period - Wrist shot by C.J. Smith.
8:34 of 2nd period - Shot Blocked by Dan Renouf.
9:45 of 2nd period - Wrist shot by William Lockwood.
9:45 of 2nd period - Shot Misses the Net.
9:47 of 2nd period - Snap shot by Mackenzie MacEachern.
9:47 of 2nd period - Shot Misses the Net.
10:04 of 2nd period - Snap shot by Mackenzie MacEachern.
10:04 of 2nd period - Shot Misses the Net.
10:06 of 2nd period - Wrist shot by Mackenzie MacEachern.
10:06 of 2nd period - Goal by Mackenzie MacEachern - Comets : 6 - Condors : 2.
10:07 of 2nd period - Patrik Laine wins face-off versus Nicolas Petan in neutral zone.
10:18 of 2nd period - Snap shot by Daniel Zaar.
10:18 of 2nd period - Stopped by Stuart Skinner with a rebound.
10:20 of 2nd period - Slapshot by Juuso Riikola.
10:20 of 2nd period - Stopped by Stuart Skinner with a rebound.
10:22 of 2nd period - Slapshot by Nicolas Petan.
10:22 of 2nd period - Stopped by Stuart Skinner with a rebound.
11:42 of 2nd period - Penalty Shot by Juuso Riikola for Comets.
11:42 of 2nd period - Snap shot by Juuso Riikola.
11:42 of 2nd period - Shot Misses the Net.
11:43 of 2nd period - Phil McRae wins face-off versus Tyler Graovac in Comets zone.
11:45 of 2nd period - Snap shot by Jason Robertson.
11:45 of 2nd period - Stopped by Thatcher Demko without a rebound.
11:46 of 2nd period - Phil McRae wins face-off versus Tyler Graovac in Comets zone.
11:49 of 2nd period - Snap shot by Jason Robertson.
11:49 of 2nd period - Shot Blocked by Scott Harrington.
12:16 of 2nd period - Slapshot by Scott Harrington.
12:16 of 2nd period - Shot Misses the Net.
12:40 of 2nd period - Snap shot by Jean-Sebastien Dea.
12:40 of 2nd period - Shot Misses the Net.
12:46 of 2nd period - Snap shot by Juho Lammikko.
12:46 of 2nd period - Shot Blocked by Kiefer Sherwood.
12:48 of 2nd period - Wrist shot by Scott Harrington.
12:48 of 2nd period - Stopped by Stuart Skinner with a rebound.
12:50 of 2nd period - Wrist shot by Jean-Sebastien Dea.
12:50 of 2nd period - Stopped by Stuart Skinner with a rebound.
13:11 of 2nd period - Icing by Ryan McLeod.
13:12 of 2nd period - Nicolas Petan wins face-off versus Ryan McLeod in Condors zone.
13:29 of 2nd period - Snap shot by C.J. Smith.
13:29 of 2nd period - Deflect By Pontus Holmberg.
13:29 of 2nd period - Stopped by Thatcher Demko without a rebound.
13:30 of 2nd period - Jean-Sebastien Dea wins face-off versus Nick Shore in Comets zone.
13:32 of 2nd period - Minor Penalty to Adam Ollas-Mattsson for Elbowing.
13:33 of 2nd period - Nick Shore wins face-off versus Daniel Zaar in Comets zone.
14:05 of 2nd period - Daniel Zaar is hit by Phil McRae and loses puck.
15:09 of 2nd period - Kailer Yamamoto is hit by Jean-Sebastien Dea and loses puck.
15:32 of 2nd period - Penalty to Adam Ollas-Mattsson is over, Adam Ollas-Mattsson is back on ice.
15:42 of 2nd period - Adam Ollas-Mattsson is hit by Connor Hurley and loses puck.
17:44 of 2nd period - Jason Robertson is hit by Juuso Riikola and loses puck.
18:04 of 2nd period - Patrik Laine is hit by Adam Ollas-Mattsson.
18:21 of 2nd period - Philippe Myers is hit by Phil Di Giuseppe and loses puck.
18:38 of 2nd period - Nicolas Petan is hit by C.J. Smith and loses puck.
18:55 of 2nd period - Kailer Yamamoto is hit by Trevor Moore and loses puck.
19:00 of 2nd period - Snap shot by Trevor Moore.
19:00 of 2nd period - Stopped by Stuart Skinner with a rebound.
19:02 of 2nd period - Snap shot by Tyler Graovac.
19:02 of 2nd period - Stopped by Stuart Skinner with a rebound.
19:04 of 2nd period - Snap shot by Michael Joly.
19:04 of 2nd period - Stopped by Stuart Skinner with a rebound.
19:14 of 2nd period - Mackenzie MacEachern is hit by Kiefer Sherwood and loses puck.
19:46 of 2nd period - Phil Di Giuseppe is hit by Nick Shore and loses puck.
Goals for this period are 4 for Comets vs 1 for Condors.
Shots for this period are 14 for Comets vs 11 for Condors.
3rd period
0:01 of 3rd period - Nick Shore wins face-off versus Nicolas Petan in neutral zone.
0:01 of 3rd period - Zac Leslie is hit by Ryan Lomberg and loses puck.
0:15 of 3rd period - Icing by Nick Shore.
0:16 of 3rd period - Nick Shore wins face-off versus Juho Lammikko in Condors zone.
0:20 of 3rd period - Minor Penalty to Jean-Sebastien Dea for Tripping.
0:21 of 3rd period - Ryan Lomberg wins face-off versus Nick Shore in Comets zone.
0:43 of 3rd period - Juuso Riikola is hit by Brett Lernout.
1:03 of 3rd period - Snap shot by Patrik Laine.
1:03 of 3rd period - Goal by Patrik Laine - Comets : 6 - Condors : 3.
1:04 of 3rd period - Connor Hurley wins face-off versus Jean-Sebastien Dea in neutral zone.
1:07 of 3rd period - Slapshot by Zac Leslie.
1:07 of 3rd period - Shot Misses the Net.
1:15 of 3rd period - Zac Leslie is hit by Dan Renouf and loses puck.
1:42 of 3rd period - Phil Di Giuseppe is hit by Patrik Laine and loses puck.
2:22 of 3rd period - Wrist shot by Ryan McLeod.
2:22 of 3rd period - Shot Misses the Net.
2:24 of 3rd period - Slapshot by Brett Lernout.
2:24 of 3rd period - Stopped by Thatcher Demko without a rebound.
2:25 of 3rd period - Nick Shore wins face-off versus Nicolas Petan in Comets zone.
2:29 of 3rd period - Minor Penalty to Ryan Lomberg for Hooking.
2:30 of 3rd period - Michael Joly wins face-off versus Nick Shore in Comets zone.
3:03 of 3rd period - Wrist shot by Phil McRae.
3:03 of 3rd period - Shot Blocked by Scott Harrington.
3:05 of 3rd period - Slapshot by Kailer Yamamoto.
3:05 of 3rd period - Shot Blocked by Daniel Zaar.
3:07 of 3rd period - Slapshot by Adam Erne.
3:07 of 3rd period - Stopped by Thatcher Demko with a rebound.
4:29 of 3rd period - Penalty to Ryan Lomberg is over, Ryan Lomberg is back on ice.
5:12 of 3rd period - Mackenzie MacEachern is hit by Connor Hurley.
5:28 of 3rd period - Snap shot by Trevor Moore.
5:28 of 3rd period - Stopped by Stuart Skinner with a rebound.
6:11 of 3rd period - Slapshot by Lane Pederson.
6:11 of 3rd period - Stopped by Stuart Skinner with a rebound.
7:05 of 3rd period - Philippe Myers is hit by William Lockwood and loses puck.
7:39 of 3rd period - Slapshot by Tyler Graovac.
7:39 of 3rd period - Stopped by Stuart Skinner without a rebound.
7:40 of 3rd period - Phil McRae wins face-off versus Jean-Sebastien Dea in Condors zone.
7:47 of 3rd period - Slapshot by Kailer Yamamoto.
7:47 of 3rd period - Shot Misses the Net.
7:55 of 3rd period - Snap shot by Kailer Yamamoto.
7:55 of 3rd period - Shot Misses the Net.
8:05 of 3rd period - Nick Shore is hit by Ryan Lomberg and loses puck.
8:30 of 3rd period - Trevor Moore is hit by Brett Lernout and loses puck.
8:51 of 3rd period - Snap shot by Mackenzie MacEachern.
8:51 of 3rd period - Shot Blocked by Phil McRae.
8:59 of 3rd period - Snap shot by Mackenzie MacEachern.
8:59 of 3rd period - Shot Blocked by Zac Leslie.
9:01 of 3rd period - Slapshot by Daniil Miromanov.
9:01 of 3rd period - Deflect By Mackenzie MacEachern.
9:01 of 3rd period - Goal by Mackenzie MacEachern - Comets : 7 - Condors : 3.
9:02 of 3rd period - Nick Shore wins face-off versus Nicolas Petan in neutral zone.
9:07 of 3rd period - Wrist shot by Patrik Laine.
9:07 of 3rd period - Shot Hit the Post.
9:09 of 3rd period - Slapshot by Zac Leslie.
9:09 of 3rd period - Stopped by Thatcher Demko without a rebound.
9:10 of 3rd period - Nicolas Petan wins face-off versus Nick Shore in Comets zone.
9:17 of 3rd period - Snap shot by Nicolas Petan.
9:17 of 3rd period - Stopped by Stuart Skinner with a rebound.
9:41 of 3rd period - Snap shot by Kailer Yamamoto.
9:41 of 3rd period - Stopped by Thatcher Demko with a rebound.
9:43 of 3rd period - Snap shot by Zac Leslie.
9:43 of 3rd period - Shot Blocked by Phil Di Giuseppe.
9:45 of 3rd period - Slapshot by Zac Leslie.
9:45 of 3rd period - Shot Misses the Net.
9:51 of 3rd period - Minor Penalty to Juuso Riikola for Interference.
9:52 of 3rd period - Daniel Zaar wins face-off versus Nick Shore in Comets zone.
10:35 of 3rd period - Guillaume Brisebois is hit by Brett Lernout.
11:51 of 3rd period - Penalty to Juuso Riikola is over, Juuso Riikola is back on ice.
12:05 of 3rd period - Juuso Riikola is hit by Brett Lernout and loses puck.
12:12 of 3rd period - Alexandre Carrier is hit by Juuso Riikola and loses puck.
12:23 of 3rd period - Snap shot by Mackenzie MacEachern.
12:23 of 3rd period - Stopped by Stuart Skinner without a rebound.
12:24 of 3rd period - Jean-Sebastien Dea wins face-off versus Pontus Holmberg in Condors zone.
14:00 of 3rd period - Icing by Alexander Alexeyev.
14:01 of 3rd period - Nick Shore wins face-off versus Nicolas Petan in Condors zone.
14:26 of 3rd period - Kailer Yamamoto is hit by Jean-Sebastien Dea and loses puck.
14:27 of 3rd period - Kailer Yamamoto from Condors is injured at 14:27 of 3rd period (Sore Right Knee).
14:28 of 3rd period - Nicolas Petan wins face-off versus Nick Shore in Condors zone.
14:53 of 3rd period - Patrik Laine is hit by Juuso Riikola and loses puck.
15:16 of 3rd period - Snap shot by Nick Shore.
15:16 of 3rd period - Shot Misses the Net.
15:34 of 3rd period - Wrist shot by Daniel Zaar.
15:34 of 3rd period - Stopped by Stuart Skinner with a rebound.
16:37 of 3rd period - Taro Hirose is hit by Trevor Moore and loses puck.
16:44 of 3rd period - Slapshot by Trevor Moore.
16:44 of 3rd period - Shot Misses the Net.
17:08 of 3rd period - Connor Hurley is hit by Mackenzie MacEachern and loses puck.
17:27 of 3rd period - Ryan McLeod is hit by Phil Di Giuseppe and loses puck.
18:04 of 3rd period - Backhand shot by Michael Joly.
18:04 of 3rd period - Shot Misses the Net.
18:37 of 3rd period - Wrist shot by Mackenzie MacEachern.
18:37 of 3rd period - Goal by Mackenzie MacEachern - Comets : 8 - Condors : 3.
18:38 of 3rd period - Nicolas Petan wins face-off versus Nick Shore in neutral zone.
18:40 of 3rd period - Adam Erne and Nicolas Petan fight to a draw.
18:40 of 3rd period - Penalty to Adam Erne for Fighting.
18:40 of 3rd period - Penalty to Nicolas Petan for Fighting.
18:40 of 3rd period - Penalty to Adam Erne for instigated a fight.
18:40 of 3rd period - Penalty to Adam Erne for instigated a fight.
18:41 of 3rd period - Trevor Moore wins face-off versus Nick Shore in Condors zone.
18:42 of 3rd period - Slapshot by Daniel Zaar.
18:42 of 3rd period - Stopped by Stuart Skinner with a rebound.
18:44 of 3rd period - Slapshot by Juuso Riikola.
18:44 of 3rd period - Shot Blocked by Brett Lernout.
18:46 of 3rd period - Slapshot by Scott Harrington.
18:46 of 3rd period - Stopped by Stuart Skinner without a rebound.
18:47 of 3rd period - Nick Shore wins face-off versus Trevor Moore in Condors zone.
Goals for this period are 2 for Comets vs 1 for Condors.
Shots for this period are 10 for Comets vs 5 for Condors.